 Dungeon Crawl Stone Soup version 0.17-a0-1558-g9d24de5 (webtiles) character file.

4881 Amnekian the Grappler (level 10, 104/104 HPs)
             Began as a Troll Berserker on July 19, 2015.
             Was a High Priest of Trog.
             Quit the game on level 8 of the Dungeon.
             The game lasted 00:24:39 (8487 turns).

Amnekian the Grappler (Troll Berserker)             Turns: 8487, Time: 00:24:39

Health: 104/104    AC:  8    Str: 27    XL:     10   Next: 26%
Magic:  9/9        EV: 12    Int:  6    God:    Trog [*****.]
Gold:   520        SH:  0    Dex:  9    Spells: 0 memorised, 9 levels left

rFire  . . .     SeeInvis +     B - +0 flail
rCold  . . .     Clarity  .     a - +0 animal skin
rNeg   . . .     SustAt   .     (no shield)
rPois  .         Gourm    +     (helmet restricted)
rElec  .         Spirit   +     y - +2 cloak
rCorr  .         Warding  .     (gloves unavailable)
rMut   .         Stasis   .     (boots unavailable)
MR     +....                    D - amulet of guardian spirit
Stlth  +.........               o - ring of protection from magic
                                p - ring of see invisible

@: somewhat resistant to hostile enchantments, very unstealthy
A: unfitting armour, claws 3, fast metabolism 3, gourmand, regeneration 2,
shaggy fur 1, tough skin 2
a: Burn Spellbooks, Berserk, Trog's Hand, Brothers in Arms, Renounce Religion


You were on level 8 of the Dungeon.
You worshipped Trog.
Trog was extremely pleased with you.
You were very full.

You visited 1 branch of the dungeon, and saw 8 of its levels.
You also visited: Ossuary.

You collected 592 gold pieces.
You spent 72 gold pieces at shops.

Inventory:

Hand weapons
 b - a +1 blowgun
 B - a +0 flail (weapon)
Missiles
 d - 71 poisoned needles
 j - 6 javelins (quivered)
 q - 4 poisoned tomahawks
 r - 3 javelins of returning
 x - 6 curare-tipped needles
Armour
 a - a +0 animal skin (worn)
 y - a +2 cloak (worn)
Jewellery
 e - an uncursed ring of protection from cold
 o - a ring of protection from magic (right claw)
 p - a ring of see invisible (left claw)
 D - an amulet of guardian spirit (around neck)
Magical devices
 A - a wand of cold (2)
 C - a wand of frost (22)
Scrolls
 i - 3 scrolls of remove curse
 k - 2 scrolls of teleportation
 z - a scroll of fog {unknown}
 F - a scroll of noise {unknown}
 H - a scroll of acquirement {unknown}
 I - 2 scrolls of recharging {unknown}
 K - a scroll of immolation {unknown}
 M - a scroll of enchant weapon
Potions
 c - 2 potions of flight
 g - 2 potions of agility
 l - 2 potions of might {unknown}
 m - 4 potions of heal wounds
 n - 2 potions of cure mutation {unknown}
 s - a potion of ambrosia {unknown}
 u - 7 potions of curing
 v - 4 potions of haste {unknown}
 G - a potion of lignification {unknown}
 J - a potion of magic {unknown}
 L - a potion of mutation {unknown}
 S - a potion of resistance {unknown}
Books
 h - an Akashic Record

   Spells                             Type                      Level
   a - Dispersal                      Translocation                6
   b - Controlled Blink               Translocation                7
   c - Malign Gateway                 Summoning/Translocation      7
   d - Disjunction                    Translocation                8
   Trog disapproves of the use of such an item.
 R - a book of the Sky

   Spells                             Type                      Level
   a - Summon Lightning Spire         Summoning/Air                4
   b - Airstrike                      Air                          4
   c - Silence                        Hexes/Air                    5
   d - Deflect Missiles               Charms/Air                   6
   e - Conjure Ball Lightning         Conjuration/Air              6
   f - Tornado                        Air                          9
   Trog disapproves of the use of such an item.
Comestibles
 f - 7 fruits
 t - 3 beef jerkies
 w - 6 bread rations
 E - a meat ration
 O - a royal jelly
 P - 9 slices of pizza
 Q - 2 chunks of flesh


   Skills:
 - Level 8.0 Fighting
 * Level 7.5 Dodging
 - Level 9.4 Unarmed Combat


You had 9 spell levels left.
You didn't know any spells.

Dungeon Overview and Level Annotations

Branches:
Dungeon (8/15)             Temple (0/1) D:4            Lair (0/8) D:8

Altars:
Ashenzari
Cheibriados
Elyvilon
Fedhas
Kikubaaqudgha
Nemelex Xobeh
Qazlal
Ru
Trog
Xom
Zin

Shops:
D:4 (}[=(   D:5 =


Innate Abilities, Weirdness & Mutations

You are too large for most types of armour.
You have claws for hands.
Your metabolism is lightning-fast.
You like to eat raw meat.
You heal very quickly.
You are covered in fur (AC +1).
You have very tough skin (AC +2).


Message History

T - a +0 giant spiked club (weapon)
Wield which item (- for none, * to show all)? (? for menu, Esc to quit)
It sticks to your claw!
N - a cursed -2 flail (weapon)
Read which item? (? for menu, Esc to quit)
As you read the scroll of remove curse, it crumbles to dust.
You feel as if something is helping you.
Drop what? 46/52 slots (_ for help) (? for menu, Esc to quit)
Okay, then.
Wield which item (- for none, * to show all)? (? for menu, Esc to quit)
b - a +1 blowgun (weapon)
Drop what? 46/52 slots (_ for help) (? for menu, Esc to quit)
Okay, then.
Wield which item (- for none, * to show all)? (? for menu, Esc to quit)
B - a +0 flail (weapon)
Drop what? 46/52 slots (_ for help) (? for menu, Esc to quit)
You drop a -2 flail.
You drop a +0 giant spiked club.
There is a staircase to the Lair, spattered with blood here.
Are you sure you want to abandon this character and quit the game? (Confirm with "yes".)

##### ### # #...#
#[## ### #.###
##.#####.# ####@..###
#..##..##.
#..'#....###...#.....
##.###.#.............
#.####......#.....##
###....##....#...#.#
#...##.###....####
###.#### ##.### ###
### ##### #########


There were no monsters in sight!

Vanquished Creatures
  Prince Ribbit (D:7)
  A wyvern (D:7)
  A human (D:8)
  A hippogriff (D:8)
  A mottled dragon (D:8)
  4 orc warriors
  2 ice beasts
  A phantom (D:8)
  A necrophage (D:8)
  2 centaurs
  4 ogres
  3 crocodiles (D:8)
  6 big kobolds (D:8)
  2 giant frogs (D:7)
  A wyvern skeleton (D:6)
  6 scorpions
  4 wights (D:7)
  3 crimson imps
  2 vampire bats (D:6)
  2 jellies
  4 hounds
  Crazy Yiuf (D:4)
  4 orc priests
  A giant frog skeleton (D:5)
  2 centaur skeletons
  8 orc wizards
  Natasha (twice) (D:2)
  3 iguanas
  4 worker ants
  2 hound zombies
  A hound skeleton (D:4)
  A mummy (D:8)
  8 gnolls
  13 adders
  2 shadow imps
  An ooze (D:5)
  An adder skeleton (D:4)
  7 worms
  4 giant geckos
  39 orcs
  4 bat skeletons
  4 bat zombies
  7 giant cockroaches
  16 hobgoblins
  3 quokkas
  4 ball pythons
  13 bats
  8 giant newts
  A gnoll zombie (Ossuary)
  13 goblins
  2 jackals (D:4)
  21 kobolds
  A quokka skeleton (D:6)
  A quokka zombie (D:7)
  21 rats
275 creatures vanquished.

Vanquished Creatures (collateral kills)
  A big kobold zombie (Ossuary)
  8 mummies (Ossuary)
  A gnoll zombie (Ossuary)
  3 hobgoblin zombies (Ossuary)
  A kobold zombie (Ossuary)
  An orc zombie (Ossuary)
15 creatures vanquished.

Vanquished Creatures (others)
  5 sheep (D:3)
  A rat (D:7)
  A fungus (D:5)
7 creatures vanquished.

Grand Total: 297 creatures vanquished

Notes
Turn   | Place    | Note
--------------------------------------------------------------
     0 | D:1      | Amnekian the Troll Berserker began the quest for the Orb.
     0 | D:1      | Reached XP level 1. HP: 22/22 MP: 0/0
   194 | D:1      | Reached XP level 2. HP: 29/29 MP: 1/1
   456 | D:1      | Acquired Trog's second power
   456 | D:1      | Reached skill level 4 in Unarmed Combat
   761 | D:1      | Reached XP level 3. HP: 36/36 MP: 2/2
  1243 | D:2      | Found a sparkling altar of Nemelex Xobeh.
  1273 | D:2      | Noticed a moth of wrath
  1276 | D:2      | Found a bloodstained altar of Trog.
  1657 | D:2      | Noticed Natasha
  1667 | D:2      | Killed Natasha
  1667 | D:2      | Reached skill level 5 in Unarmed Combat
  1667 | D:2      | Reached XP level 4. HP: 34/44 MP: 3/3
  2047 | D:2      | Found a sparkling altar of Nemelex Xobeh.
  2065 | D:2      | Found a sparkling altar of Nemelex Xobeh.
  2267 | D:2      | Noticed Natasha
  2269 | D:2      | Killed Natasha
  2635 | D:3      | Reached XP level 5. HP: 45/50 MP: 4/4
  2646 | D:3      | Reached skill level 6 in Unarmed Combat
  2702 | D:3      | Noticed an orc warrior
  2835 | D:3      | Killed an orc warrior
  2835 | D:3      | Reached XP level 6. HP: 48/59 MP: 5/5
  2893 | D:3      | Reached skill level 7 in Unarmed Combat
  3083 | D:3      | Found a stormy altar of Qazlal.
  3309 | D:3      | Found a shattered altar of Ashenzari.
  3309 | D:3      | Found a sacrificial altar of Ru.
  3447 | D:3      | Found a shimmering altar of Xom.
  3582 | D:4      | Reached skill level 8 in Unarmed Combat
  3582 | D:4      | Reached XP level 7. HP: 45/66 MP: 6/6
  3602 | D:4      | Acquired Trog's third power
  3608 | D:4      | Found a staircase to the Ecumenical Temple.
  3665 | D:4      | Found Wuofri Ekau's Jewellery Shoppe.
  3741 | D:4      | Noticed Crazy Yiuf
  3748 | D:4      | Killed Crazy Yiuf
  3792 | D:4      | Found Optuz's Weapon Shoppe.
  3864 | D:4      | Found Ozyaruupor's Gadget Boutique.
  3913 | D:4      | Reached skill level 9 in Unarmed Combat
  3923 | D:4      | Found Sofo's Antique Armour Boutique.
  4135 | D:4      | Found Tunios's Weapon Emporium.
  4145 | D:4      | Bought 14 poisoned needles for 72 gold pieces
  4236 | D:5      | Entered Level 5 of the Dungeon
  4236 | D:5      | Found Ydghie's Jewellery Shoppe.
  4236 | D:5      | Found a blossoming altar of Fedhas.
  4346 | D:5      | Found a snail-covered altar of Cheibriados.
  4436 | D:5      | Reached XP level 8. HP: 70/75 MP: 7/7
  4613 | D:5      | Found a white marble altar of Elyvilon.
  5026 | D:5      | Reached skill level 5 in Fighting
  5325 | D:5      | Received a gift from Trog
  5941 | D:6      | Found an ancient bone altar of Kikubaaqudgha.
  5950 | D:6      | Reached XP level 9. HP: 92/92 MP: 8/8
  6124 | D:7      | Noticed Prince Ribbit
  6129 | D:7      | Killed Prince Ribbit
  6444 | D:7      | Found a glowing silver altar of Zin.
  6445 | D:7      | Noticed an angel
  6820 | D:7      | Found a stormy altar of Qazlal.
  7009 | D:8      | Found a sand-covered staircase.
  7023 | D:8      | Reached skill level 5 in Dodging
  7034 | Ossuary  | Entered an ossuary
  7386 | D:8      | Found a staircase to the Lair.
  7670 | D:8      | Reached XP level 10. HP: 102/104 MP: 9/9
  8487 | D:8      | Quit the game

Vault maps used:
D:1:      elethiomel_arrival_infinity_welcomes_careful_drivers,
          roderic_nine_men_s_morris, minmay_unequal
D:2:      nemelex_deck, tgw_trog, nemelex_diamond_rough_becter, uniq_natasha
D:3:      lemuel_doored_altar, kb_xom_exploding_sheep,
          gammafunk_temple_overflow_elements, kennysheep_generic_room_8
D:4:      minmay_temple_entry_statues_fountains, serial_shops,
          nicolae_shop_window_shopping, nicolae_shop_crystal,
          nicolae_shop_window_shopping, nicolae_shop_waterfront, shop_statue,
          minmay_stone_trees_medium, kennysheep_generic_room_4,
          uniq_crazy_yiuf_cottage
D:5:      old_forge, slow_altar_1, lemuel_coloured_pillars_altar,
          fedhas_bush_and_centaur_altar, first_bread, serial_shops,
          nicolae_shop_stone
D:6:      kennysheep_vampire_church
D:7:      zin_angel, st_stairs_8, nicolae_qazlal_style_of_elements,
          uniq_prince_ribbit1
D:8:      erik_lair_dragon, gup_ossuary_entry_pyramid, special_room,
          grunt_pizzeria
Ossuary:  ossuary_tomb_3

Action                   |  1- 3 |  4- 6 |  7- 9 | 10-12 || total
-------------------------+-------+-------+-------+-------++-------
Melee: Unarmed           |   123 |   125 |   373 |   105 ||   726
Throw: Javelin           |       |     1 |     5 |       ||     6
Invok: Berserk           |     1 |     3 |     7 |       ||    11
       Brothers in Arms  |       |       |     2 |       ||     2
  Use: Scroll            |       |       |    10 |     1 ||    11
  Eat: Chunk             |    14 |    29 |    42 |     9 ||    94
